← All builds
Tech / Armada / Economy first / OBSERVED BUILD

Standard tech

Armada Tech (Eco) build order · Supreme Isthmus

Rushes T2 by 4:15, gets Advanced Metal Extractor around 5:28, hands off T2 constructors to Geo and the team, then scales eco and supplies the team's T2 needs through the rest of the game.

Usually first T2 con to Geo (83%)

#eco #t2 #team support · 1591 distinct matches · 254 players · 60% of Armada Tech games · team won 53% of 1901 · Recently observed

HOW TO PLAY IT

Key timing: T2 factory by 4:15

  1. Open 3 mex and heavy wind to fund a fast T2 rush.
  2. Put down Bot Lab, planning to eat it for reclaim soon after.
  3. Get Advanced Bot Lab up, hitting the T2 factory rush timing.
  4. Upgrade mex to Advanced Metal Extractor to lock in team metal income.
  5. Eat Advanced Bot Lab and keep sending cons to Geo and Pond.

Phase by phase

TYPICAL OF ITS 1591 GAMES
  1. 1
  2. 2
  3. 3
  4. 4
PLAY THE OPENING

Follow the example game's first 6:00 step by step: what to build now, what comes next, and where it goes. At 1× it keeps pace with your own game.

  1. 1

    Up to the Bot Lab

    Economy
    • Metal Extractor3Mex
    • Wind Turbine4Wind
    Order
    1. Bot LabBot Lab after 3 mex, 4 winddone ~1:18, middle half 1:13–1:32

    Some games also: energy storage (31%)

    By 1:01 in all: 3 mex · 4 wind

    The example game in this phase · 3 steps
    1. Mex ×3
    2. Wind ×4
    3. Bot LabBot Labdone 1:16 · typical 1:18
  2. 2

    Bot Lab to Advanced Bot Lab

    Economy
    • Metal Extractor1Mex
    • Wind Turbine8Wind
    • Energy Storage1Energy storage
    Order
    1. Advanced Bot LabAdvanced Bot Lab after 4 mex, 12 wind, 3 con turretdone ~4:16, middle half 4:04–4:30
    Builders
    • Construction Turret3 Con turret
    • Lazarus3 Lazarus
    • Construction Bot2 Con bot
    • Construction Bot1 Con bot for allies

    Some games also: converter (36%)

    By 3:18 in all: 4 mex · 12 wind · 1 energy storage · 3 con turret

    The example game in this phase · 21 steps
    1. Wind
    2. Construction BotCon bot
    3. Wind
    4. Solar
    5. Wind
    6. Construction BotCon botfor Air
    7. Wind ×4
    8. Mex
    9. LazarusLazarusfor Geo sea
    10. Energy storage
    11. Con turret
    12. Solar ×2
    13. Construction BotCon bot
    14. Converter
    15. LazarusLazarusfor Geo sea
    16. Con turret
    17. Converter ×3
    18. Con turret
    19. Wind
    20. Bot LabEat Bot Labreclaimed for its metal
    21. Advanced Bot LabAdvanced Bot Labdone 4:31 · typical 4:16
  3. 3

    Advanced Bot Lab to 5:00

    Economy
    • Wind Turbine3Wind
    Order
    1. Bot LabEat Bot Lab
    Builders
    • Advanced Construction Bot1 T2 con bot for allies

    Some games also: converter (35%)

    By 5:00 in all: 4 mex · 15 wind · 1 converter · 1 energy storage · 3 con turret

    The example game in this phase · 5 steps
    1. Wind ×2
    2. Advanced Construction BotT2 con botfor Geo
    3. Wind
    4. Advanced Metal ExtractorT2 mexdone 5:20 · typical 5:28
    5. FatboyFatboyfor Ponddone 5:42
  4. 4

    5:00 to 10:00

    Economy
    • Wind Turbine43Wind
    • Energy Converter6Converter
    Builders
    • Butler9 Butler
    • Advanced Construction Bot4 T2 con bot for allies
    • Advanced Construction Bot1 T2 con bot

    Some games also: con turret (43%) · Butler for allies (37%)

    By 10:00 in all: 4 mex · 58 wind · 8 converter · 1 energy storage · 3 con turret

    The example game in this phase · 168 steps
    1. Wind ×2
    2. Advanced Construction BotT2 con botfor Air
    3. Wind
    4. Advanced Metal ExtractorT2 mex
    5. Wind
    6. Advanced Metal ExtractorT2 mex
    7. Wind
    8. GunslingerGunslingerdone 7:14
    9. Wind ×2
    10. NettleNettle
    11. GunslingerGunslingerfor Pond
    12. Wind ×3
    13. Advanced Construction BotT2 con botfor Geo sea
    14. Wind
    15. Advanced Construction BotT2 con botfor Beach sea
    16. Wind ×2
    17. Advanced Construction BotT2 con botfor Pond
    18. Wind
    19. ButlerButler
    20. Advanced Metal ExtractorT2 mex
    21. Wind
    22. ButlerButler
    23. Wind
    24. ButlerButler
    25. SprinterSprinter
    26. Wind
    27. SprinterSprinter
    28. Wind
    29. SprinterSprinter
    30. Wind
    31. ButlerButler
    32. Wind
    33. ButlerButler
    34. Wind
    35. ButlerButler
    36. Wind ×2
    37. ButlerButlerfor Geo sea
    38. Wind ×2
    39. ButlerButlerfor Geo sea
    40. Wind ×4
    41. ButlerButler
    42. Mex
    43. Wind ×4
    44. Converter
    45. Windfor Pond
    46. ButlerButler
    47. Wind
    48. GraverobberGraverobberfor Geo sea
    49. Windfor Pond
    50. Wind
    51. Advanced Construction BotT2 con bot
    52. Windfor Pond
    53. Wind ×2
    54. Windfor Pond
    55. Wind
    56. Windfor Pond
    57. Wind
    58. Converter
    59. Advanced Construction BotT2 con botfor Suicide front
    60. Converter
    61. Windfor Pond
    62. Wind ×2
    63. Windfor Pond
    64. Converter
    65. Wind
    66. Windfor Pond
    67. Wind
    68. Windfor Pond
    69. Converter
    70. Wind
    71. Windfor Pond
    72. ArchangelArchangeldone 11:30
    73. Converter
    74. Wind ×2
    75. Converter
    76. Wind
    77. ArchangelArchangel
    78. Wind
    79. Converter
    80. Wind
    81. ArchangelArchangel
    82. Wind
    83. RattlesnakeRattlesnakedone 14:44
    84. Wind
    85. Converter
    86. Advanced Construction BotT2 con bot
    87. Wind ×3
    88. Converter
    89. Wind ×2
    90. ButlerButler
    91. Converter
    92. Wind ×2
    93. Converter
    94. Wind
    95. PlatypusPlatypus
    96. Wind ×2
    97. PlatypusPlatypus
    98. Converter
    99. Wind ×3
    100. PlatypusPlatypus
    101. Wind
    102. Converter ×2
    103. Wind ×2
    104. PlatypusPlatypus
    105. Converter
    106. Wind ×2
    107. PlatypusPlatypus
    108. Converter
    109. Wind ×2
    110. PlatypusPlatypus
    111. Converter
    112. Wind
    113. Converter
    114. Wind
    115. PlatypusPlatypus
    116. Converter
    117. Wind
    118. PlatypusPlatypus
    119. Wind
    120. Converter ×2
    121. Wind
    122. PlatypusPlatypus
    123. Wind
    124. Converter
    125. Wind
    126. Converter
    127. PlatypusPlatypus
    128. Wind ×2
    129. Converter
    130. PlatypusPlatypus
    131. Converter
    132. Wind ×2
    133. Converter
    134. PlatypusPlatypus
    135. Wind
    136. Converter
    137. Wind
    138. PlatypusPlatypus
    139. Converter
    140. Wind
    141. PlatypusPlatypus
    142. Wind
    143. Converter ×2
    144. Wind
    145. PlatypusPlatypus
    146. Wind
    147. Converter
    148. Wind
    149. PlatypusPlatypus
    150. Converter
    151. Wind ×2
    152. PlatypusPlatypus
    153. Converter
    154. Wind
    155. Advanced Metal ExtractorT2 mex
    156. PlatypusPlatypus
    157. Wind
    158. Converter ×2
    159. Wind
    160. PlatypusPlatypus
    161. Wind
    162. ArbalestArbalest
    163. Wind
    164. PlatypusPlatypus
    165. Wind
    166. Converter ×2
    167. PlatypusPlatypus
    168. Wind ×2

Counts are medians over the build's games: half of them build more, half fewer. The example game is GeeGee's (35 OS, 12/10/2026); pick another.

Team trades

IN AT LEAST 30% OF ITS GAMES

You hand over

  • Construction Bot1 Con bot to Airfirst at 2:23 · in 84% of games
  • Advanced Construction Bot5 T2 con bot to Air or Pond or Geo seafirst at 4:50 · in 99% of games
  • Butler2 Butler to Geo sea or Beach sea or Pondfirst at 9:06 · in 42% of games

You get

  • Hercules1 Light transport from Airfirst at 4:01 · in 86% of games

How it plays out

Typical game of this build, running totals by minute

Metal produced

020k40k
0:005:0010:0015:00

metal

Enemy metal destroyed

050100150
0:005:0010:0015:00

metal

Own metal lost

050100150
0:005:0010:0015:00

metal

1901 games.

Show as table
ByMetal produced: This buildEnemy metal destroyed: This buildOwn metal lost: This build
1:0038300
2:0091500
3:00165200
4:00314400
5:00484800
6:00580200
7:00723000
8:00906500
9:001117900
10:001352400
11:001624200
12:001965200
13:002342800
14:0027285074
15:0031507115130
WHAT THE NUMBERS SAY

Standard Tech play barely fights at all early, instead pouring metal into T2 infrastructure and constructors for the team.

  • + Metal produced hits 31679 by 15:00, by far the highest of any role here.
  • + T2 factory reached in 97% of games by 4:15, fastest and most reliable T2 timing.
  • − Enemy metal destroyed stays at 0 through 10:00, no early offense at all.
  • − Own metal lost also near 0, showing total avoidance of combat risk.
THE EXAMPLE YOU ARE READING

GeeGee

35.0 OS · 12/10/2026

Open source match ↗

4 received units
2104 metal received · 63732 energy received

Allied construction assistance is unknown. Timings are observations, not a promise of solo reproducibility.

Typical milestones

Bot Lab1:18Middle 50%: 1:13–1:32 · n=1901
Advanced Bot Lab4:16Middle 50%: 4:04–4:30 · n=1894
Advanced Metal Extractor5:28Middle 50%: 5:05–5:59 · n=1897

Played most by

Amrissa97games of this buildTheGeneraI70games of this buildAdeus57games of this buildEl_Turco55games of this buildKOT_45games of this build